 Dungeon Crawl Stone Soup version 0.31-a0-1074-g0b22e4e0f1 (webtiles) character file.

Game seed: 6992673756048036608

24 BigPumpCobain the Trooper (level 2, -8/27 HPs)
             Began as a Draconian Berserker on Dec 7, 2023.
             Was a Follower of Trog.
             Mangled by a goblin
             ... wielding a +0 dagger of electrocution
              (17 damage)
             ... on level 2 of the Dungeon.
             The game lasted 00:00:57 (962 turns).

BigPumpCobain the Trooper (Draconian Berserker)      Turns: 962, Time: 00:00:58

Health: -8/27      AC:  4    Str: 19    XL:     2   Next: 79%
Magic:  2/2        EV: 12    Int:  7    God:    Trog [*.....]
Gold:   74         SH:  0    Dex: 10    Spells: 1/1 levels left

rFire   . . .        a - +0 hand axe
rCold   . . .        (no shield)
rNeg    . . .        (body armour unavailable)
rPois   .            (helmet restricted)
rElec   .            (no cloak)
rCorr   .            (no gloves)
SInv    .            (no boots)
Will    .....        (no amulet)
Stlth   +            (no ring)
HPRegen 0.24/turn    (no ring)
MPRegen 0.08/turn

%: no passive effects
@: no status effects
A: AC +4, unfitting armour, cold-blooded
a: Renounce Religion, Berserk


You were on level 2 of the Dungeon.
You worshipped Trog.
Trog was aware of your devotion.
You visited 1 branch of the dungeon, and saw 2 of its levels.

You collected 74 gold pieces.

Inventory:

Hand Weapons
 a - a +0 hand axe (weapon)
Scrolls
 b - a scroll of identify {unknown}
 c - a scroll of enchant armour {unknown}
 d - a scroll of teleportation {unknown}


   Skills:
 + Level 3.7 Fighting
 + Level 3.4 Axes
 + Level 3.0 Dodging


You had one spell level left.
You didn't know any spells.
Your spell library was empty.

Dungeon Overview and Level Annotations

Branches:
Dungeon (2/15)

Altars:


Innate Abilities, Weirdness & Mutations

Your plain brown scales are hard. (AC +4)
You cannot fit into any form of body armour.
You are cold-blooded and may be slowed by cold attacks.


Message History

You see here a +0 mace.
Found a stone staircase leading down.
Found a leather armour.
You see here a +0 leather armour. 2 goblins come into view.
A goblin is wielding a +0 dagger of electrocution.
The goblin shouts! x2; You hear a shout!
A goblin comes into view. It is wielding a +0 club.
A goblin comes into view.
It is wielding a +0 dagger. 2 goblins come into view.
The goblin shouts!
You hear a shout!
A hobgoblin comes into view.
Found a scroll labelled ICKISE ENLOSM and 3 gold pieces.
The goblin hits you with a +0 club. The goblin barely misses you.
You closely miss the goblin.
The goblin shouts!
You hit the goblin. The goblin barely misses you.
The goblin hits you with a +0 dagger of electrocution.
You are electrocuted!
The goblin hits you with a +0 club. The goblin hits you but does no damage.
The goblin misses you. The goblin hits you but does no damage.
You are electrocuted!
Ouch! That really hurt!
You die...

#.. ... ##.# #..#
#..####
#.....########
#...#.8g8.8.8.
#.....@gg.g...
#..#$.ggg....?
#..#..........
#..#.........$
#..#.......... #
#.##..8.8.8.8.
#.############
###### #.#
#....#######.....
#.#
#.........)..####


You could see a hobgoblin and 6 goblins.

Vanquished Creatures
  4 endoplasms
  A giant cockroach (D:1)
  5 goblins
  2 hobgoblins
  3 ball pythons (D:1)
  2 bats (D:1)
  2 frilled lizards
  A kobold (D:1)
  A rat (D:1)
21 creatures vanquished.

Notes
Turn   | Place    | Note
-------+----------+-------------------------------------------
     0 | D:1      | BigPumpCobain the Draconian Berserker began the quest for
                  | the Orb.
     0 | D:1      | Reached XP level 1. HP: 19/19 MP: 1/1
   152 | D:1      | Reached XP level 2. HP: 26/26 MP: 2/2
   232 | D:1      | Found a faded altar of an unknown god.
   962 | D:2      | Mangled by a goblin

Illustrated notes

Levels and vault maps discovered:
D:1:      scummos_arrival_checkerplants, layout_basic, basic_ecumenical_altar,
          roderic_roman_lattice
D:2:      kennysheep_the_goblin_king, layout_loops_ring

Skill      XL: |  1  2 |
---------------+-------+-----
Dodging        | 3 |  3.0
Fighting       | |  3.7
Axes           | |  3.4

Action                     || total
---------------------------++-------
  Melee: Hand axe          ||    56
         Tailslap          ||     4
 Armour: Skin              ||    37
  Dodge: Dodged            ||    36

Table legend: (Time is in decaauts)
 A = Elapsed time spent in this place.
 B = Non-inter-level travel time spent in this place.
 C = Inter-level travel time spent in this place.
 D = Time resting spent in this place.
 E = Time spent auto-exploring this place.
 F = Levels seen in this place.
 G = Mean time per level.
                   A        B        C        D        E       F      G
               +--------+--------+--------+--------+--------+-----+--------+
         Total |    972 |    951 |     21 |      0 |    803 |   2 |  486.0 |
       Dungeon |    972 |    951 |     21 |      0 |    803 |   2 |  486.0 |
               +--------+--------+--------+--------+--------+-----+--------+

Top non-repeatable levels by time:
     D:1: 867 daAuts
     D:2: 104 daAuts
